[Event "Susha Chess Blitz Women 2022"]
[Site "Shusha"]
[Date "2022.09.24"]
[Round "16"]
[White "Dzagnidze, Nana"]
[Black "Arabidze, Meri"]
[Result "0-1"]
[ECO "D36"]
[WhiteElo "2526"]
[BlackElo "2422"]
[Annotator "TA"]
[PlyCount "104"]
[EventDate "2022.09.24"]
[EventType "tourn"]
[EventCountry "AZE"]
[SourceTitle "playchess.com"]
[Source "ChessBase"]
[SourceQuality "1"]
[TimeControl "180+2"]

1. d4 Nf6 2. c4 e6 3. Nc3 d5 4. cxd5 exd5 5. Bg5 c6 6. Qc2 Be7 7. e3 Nbd7 8. Bd3 O-O 9. Nge2 Re8 10. O-O Nf8 11. f3 g6 $1 {[%emt 0:00:03][%mdl 4] is currently scoring better than 11...Be6.} 12. Rad1 Ne6 {[%emt 0:00:01] D36: Queen's Gambit Declined: Exchange Variation: Main line (5 Bg5 c6 6 Qc2).} 13. Bh4 b5 14. Bf2 {[%emt 0:00:05] [#]} Nh5 $146 {[%emt 0:00:13] The position is equal.} ({Predecessor:} 14... Bb7 15. Nc1 Rc8 16. Nb3 a6 17. Ne2 c5 18. dxc5 Nxc5 19. Nxc5 Bxc5 20. Qd2 Qe7 {½-½ (59) Wojtaszek,R (2746)-Buhmann,R (2633) Germany 2016}) 15. Kh1 Bd7 16. Bg1 Rc8 17. a3 a6 18. Qb1 a5 19. Bc2 Bf8 (19... Bd6 {with more complications.} 20. e4 Qg5 21. Qc1 b4) 20. e4 Nef4 21. Nxf4 Nxf4 22. e5 f6 23. Be3 Ne6 24. f4 f5 25. Bd3 Rb8 26. Ne2 b4 27. a4 Qb6 (27... c5 $11 28. dxc5 Bxc5 29. Bxc5 Nxc5) 28. b3 ({Better is} 28. g4 $1 $16 Ng7 29. Ng3) 28... Rec8 $2 (28... c5 $11) 29. Rc1 $2 (29. g4 $1 $18 Ng7 30. Ng3) 29... Rc7 $2 (29... c5 $11 {and Black has nothing to worry.}) 30. g4 $1 $18 Ng7 31. Ng3 $1 c5 32. gxf5 {[%emt 0:00:04] aiming for f6.} c4 33. bxc4 dxc4 34. Bxc4+ {[%emt 0:00:03][%mdl 8192] [#]} (34. Rxc4 $16 Rxc4 35. Bxc4+ Kh8 36. e6 Qc6+ 37. Kg1 Qxc4 38. exd7) 34... Rxc4 $1 $19 35. Rxc4 Nxf5 36. Bf2 {[%emt 0:00:06] Black must now prevent Ne4.} (36. Nxf5 Bxf5 37. Qb2 Qe6 $17) 36... Bc6+ (36... Nxg3+ $1 $19 37. hxg3 (37. Bxg3 Be6 $17) 37... b3) 37. Kg1 (37. Ne4 $11 {remains equal.} Bd5 38. Rcc1) 37... Nh4 $2 {[%emt 0:00:01][%mdl 8192] [#] Black is more active.} (37... Nxg3 $17 {and life is bright.} 38. hxg3 Bd5) 38. Be3 $2 (38. Rxc6 $1 $18 Qxc6 39. Qb3+ (39. Ne4 $2 Nf3+ 40. Kg2 Nd2 $19) 39... Kh8 40. d5) 38... Bd5 $17 {[%emt 0:00:07][%mdl 1024] Black has strong compensation.} 39. Rc2 (39. Qd3 $17) 39... b3 $19 40. Rcf2 Qb4 $2 (40... b2 $19 {Hoping for ...Be7.} 41. Ne4 (41. f5 $2 gxf5 42. Nxf5 Qg6+ 43. Ng3 Nf3+ 44. Rxf3 Bxf3 $19) 41... Bxe4 42. Qxe4 b1=Q 43. Rxb1 Qxb1+ 44. Qxb1 Rxb1+ 45. Rf1 Rb4) 41. f5 $11 {[%emt 0:00:01] fxg6 is the strong threat.} Qc3 42. Bg5 (42. Qc1 $11 {and White is okay.} Qxc1 43. Bxc1) 42... Nf3+ $19 43. Rxf3 Bxf3 {[%emt 0:00:01] A strong pair of Bishops.} 44. fxg6 Qxd4+ 45. Rf2 h6 {[%emt 0:00:03] The board is on fire.} (45... Bc5 {is a self mate.} 46. gxh7+ Kg7 47. Nf5+ Kh8 48. Nxd4 Rb6 49. Rxf3 Bxd4+ 50. Kg2) 46. Bd2 (46. Qf5 $19 Qd5 47. Be3 (47. Rxf3 $2 b2 $19) (47. Qxf3 $2 Qxf3 48. Rxf3 b2 $19)) 46... b2 {[%emt 0:00:02] ( -> ...Bc5)} 47. Be1 Bc5 48. Qa2+ Qd5 49. Qb1 Bxf2+ 50. Bxf2 Qc4 (50... Qd1+ $142 51. Qxd1 Bxd1 52. Ba7 Rb7 53. h4 b1=Q 54. Kg2 Qd3 55. Bb6 Rxb6 56. Nh1 Rxg6+ 57. Kh2 Qe2+ 58. Nf2 Qxf2+ 59. Kh3 Bg4#) 51. Nf1 Qc1 52. Qf5 Qg5+ {[%emt 0:00:02] Weighted Error Value: White=0.73/Black=0.59} 0-1

[Event "Susha Chess Blitz Women 2022"]
[Site "Shusha"]
[Date "2022.09.24"]
[Round "16"]
[White "Mammadzada, Gunay"]
[Black "Fataliyeva, Ulviyya"]
[Result "0-1"]
[ECO "B11"]
[WhiteElo "2473"]
[BlackElo "2408"]
[Annotator "TA"]
[PlyCount "96"]
[EventDate "2022.09.24"]
[EventType "tourn"]
[EventCountry "AZE"]
[SourceTitle "playchess.com"]
[Source "ChessBase"]
[SourceQuality "1"]
[TimeControl "180+2"]

1. e4 c6 2. Nc3 d5 3. Nf3 Bg4 4. h3 Bxf3 5. Qxf3 e6 6. Be2 Bc5 {[%emt 0:00:18] B11: Caro-Kann: Two Knights Variation.} 7. O-O Nd7 8. Qg3 Bd4 {[%emt 0:00:20] The position is equal.} (8... Ngf6 {looks sharper.} 9. d3 O-O 10. Bf4 Ne8) 9. exd5 exd5 10. d3 Ne7 11. Bf4 O-O 12. Bc7 Qc8 13. Bg4 f5 {[%emt 0:00:12] [#]} 14. Bd6 $146 ({Predecessor:} 14. Bh5 Nf6 15. Bf3 Ng6 16. Ne2 Bxb2 17. Rab1 Ba3 18. Ba5 Qd7 19. Nd4 b6 20. Bd2 {1-0 (47) Stevic,H (2621)-Bodiroga,P (2399) Zadar 2010}) 14... fxg4 15. Bxe7 Rf7 16. Rae1 gxh3 17. Qxh3 Ne5 18. Qh4 Qg4 {[%emt 0:00:35] The board is on fire.} 19. Qxg4 Nxg4 20. Nd1 Re8 21. Bh4 Ref8 22. c3 Bb6 23. d4 h6 24. f3 Nf6 25. Ne3 g5 26. Bg3 Nh5 27. Bd6 {[%emt 0:00:03] [#] Hoping for Ng4.} Rd8 28. Be5 {[%emt 0:00:03] And now Ng4 would win.} c5 29. Ng4 cxd4 $2 (29... Kh7 $14) 30. Nxh6+ $18 Kf8 {[%emt 0:00:00] Strongly threatening ...dxc3+.} 31. Nxf7 dxc3+ 32. Kh2 Kxf7 33. bxc3 Nf4 34. Bxf4 gxf4 {[%emt 0:00:01][%cal Rd8h8][%mdl 4096] Endgame KRR-KRB} 35. g4 {[%emt 0:00:01] aiming for Re5.} Rc8 (35... fxg3+ $142 36. Kxg3 Ba5) 36. Rc1 (36. Re5 $142) 36... Be3 37. Rc2 ({Better is} 37. Rcd1 $18) 37... d4 $11 38. Rd1 Rxc3 39. Rxc3 dxc3 {[%emt 0:00:00] KR-KB} 40. Rd7+ Ke6 $1 41. Rc7 Bd2 {[%emt 0:00:01][%mdl 8192] [#]} (41... Bd4 $11 42. g5 Be5) 42. Kh3 $2 (42. a4 $1 $18 b6 43. g5) 42... Kd6 $1 43. Rc8 Kd7 $1 44. Rc5 {[%emt 0:00:04] Black must now prevent g5.} b6 45. Rd5+ (45. Rc4 $11 b5 46. Rc5) 45... Kc6 46. Rd3 Be1 $2 (46... c2 $19 47. Rd8 Kc7 48. Rxd2 c1=Q) 47. g5 $2 (47. Rd8 $11 Kc7 48. Re8) 47... c2 $19 48. Rd8 Kc7 {[%emt 0:00:01] Weighted Error Value: White=0.65/Black=0.51} 0-1

[Event "Susha Chess Blitz Women 2022"]
[Site "Shusha"]
[Date "2022.09.24"]
[Round "16"]
[White "Zawadzka, Jolanta"]
[Black "Balajayeva, Khanim"]
[Result "0-1"]
[ECO "C55"]
[WhiteElo "2401"]
[BlackElo "2379"]
[Annotator "TA"]
[PlyCount "74"]
[EventDate "2022.09.24"]
[EventType "tourn"]
[EventCountry "AZE"]
[SourceTitle "playchess.com"]
[Source "ChessBase"]
[SourceQuality "1"]
[TimeControl "180+2"]

1. e4 e5 2. Nf3 Nc6 3. d4 exd4 4. Bc4 Nf6 5. e5 d5 6. Bb5 Nd7 7. Bxc6 bxc6 8. O-O Be7 ({Of course not} 8... Ba6 9. Re1 $11) 9. Qxd4 {[%emt 0:00:13][%cal Oe5e6] C56: Two Knights: 4 d4 exd4 5 0-0 Nxe4.} O-O 10. Re1 Nc5 {[%emt 0:00:17] [#]} 11. Nc3 $146 {[%emt 0:00:08] Black is slightly better.} ({Predecessor:} 11. Qc3 Bb7 12. Nd4 Qd7 13. Nd2 Ne6 14. Nf5 Nf4 15. Nxe7+ Qxe7 16. Nf3 Ng6 17. Bg5 {0-1 (39) Stebunov,A (1983)-Sysun,A Petrozavodsk 2012}) 11... Ne6 12. Qd3 Rb8 13. b3 Bb7 14. Bb2 c5 15. Rad1 c6 16. Qf5 Bc8 17. Qd3 Qd7 18. Na4 Nf4 (18... c4 $5 19. Qd2 h6 $15) 19. Qf1 Qg4 {[%emt 0:00:04][%cal Oc8a6] [#] And now ...Ba6! would win.} 20. Kh1 $2 {[%emt 0:00:10] This costs White the game.} (20. Bc1 $15) 20... Bf5 21. h3 (21. Rc1 $17 {might work better.}) 21... Qh5 $19 22. Nh2 Bxc2 {[%emt 0:00:09] Hoping for ...c4.} 23. Rd2 Be4 24. f3 {[%emt 0:00:01] [#]} Bg6 25. Rc1 Ne6 {[%emt 0:00:21][%cal Oc5c4] Strongly threatening ...c4!} 26. Ba3 (26. f4 $142) 26... Bg5 ({Not} 26... Qxe5 $2 27. Nxc5 Rfe8 28. Nd7) 27. Rdd1 Bxc1 28. Rxc1 Qxe5 29. Nxc5 Nxc5 30. Bxc5 Rfe8 31. Ng4 (31. Bxa7 $142 Ra8 32. Qf2) 31... Qb2 {[%emt 0:00:09] Black is clearly winning.} 32. Ra1 d4 33. Qd1 (33. Qc1 $142 Qxc1+ 34. Rxc1) 33... Rbd8 34. Bxa7 h5 35. Nh2 d3 36. Nf1 d2 37. Be3 Bc2 {[%emt 0:00:03] Weighted Error Value: White=0.73/Black=0.24 (precise)} 0-1

[Event "Susha Chess Blitz Women 2022"]
[Site "Shusha"]
[Date "2022.09.24"]
[Round "16"]
[White "Mammadova, Gulnar"]
[Black "Beydullayeva, Govhar"]
[Result "1-0"]
[ECO "B23"]
[WhiteElo "2382"]
[BlackElo "2346"]
[Annotator "TA"]
[PlyCount "94"]
[EventDate "2022.09.24"]
[EventType "tourn"]
[EventCountry "AZE"]
[SourceTitle "playchess.com"]
[Source "ChessBase"]
[SourceQuality "1"]
[TimeControl "180+2"]

1. e4 c5 2. Nc3 d6 3. f4 g6 4. Nf3 Bg7 5. d3 Nc6 6. g3 e6 7. Bg2 Nge7 8. O-O Rb8 9. Be3 Nd4 {[%emt 0:00:01] 9...Nd4 scores better than 9...0-0.} 10. Bf2 O-O 11. Qd2 b5 {[%emt 0:00:00][%cal Bb7b5,Bb5b4][%mdl 32] [#] B25: Closed Sicilian: 3 g3, lines without early Be3.} 12. g4 $146 (12. Nxd4 $11 cxd4 13. Ne2) ({Predecessor:} 12. a3 a5 13. Nxd4 cxd4 14. Ne2 Qb6 15. c3 dxc3 16. bxc3 Qc7 17. Rab1 Ba6 18. Rfc1 Rfc8 19. Qe3 {0-1 (33) Kovsharev,V (2282)-Pushin,V (2391) Nabereznye Chelny 2010}) 12... f5 {[%emt 0:00:05] With the idea ...b4.} 13. gxf5 gxf5 (13... b4 $15 14. Ne2 Nxf3+ 15. Bxf3 exf5) 14. Bh4 (14. Nxd4 $11 {keeps the balance.} cxd4 15. Ne2) 14... b4 $17 15. Nd1 fxe4 16. dxe4 {[%emt 0:00:04] [#]} Ba6 $2 (16... Rxf4 $1 $19 {[%mdl 512] ...Nxf3+ is the strong threat.} 17. Nxd4 (17. Bxe7 $2 Qxe7 18. c3 Nxf3+ 19. Rxf3 Rxf3 $19) (17. Bg5 Rxe4) 17... Rxh4) 17. Rf2 $11 Nxf3+ 18. Rxf3 Qc7 19. Rb1 Ng6 20. Bg3 Bb7 21. Rf1 {[%emt 0:00:04] [#]} (21. Nf2 $15) 21... c4 (21... Bh6 $1 $17 {White must now prevent ...Kh8.} 22. Qe2 Qe7) 22. Ne3 (22. f5 $5 Ne5 23. Ne3 $11) 22... Qc5 23. Kh1 c3 24. bxc3 Qxc3 (24... Bxc3 $11 25. Qd3 Bc6) 25. Qe2 ({Better is} 25. Qxc3 $14 Bxc3 26. Rbd1 (26. f5 Ne5 $14)) 25... Rbc8 $2 (25... Bc6 $1 $11 {and Black stays safe.} 26. Qc4 Qxc4 27. Nxc4 Bb5 28. Rxb4 Ba6) 26. Rbd1 $2 (26. f5 $18 exf5 27. Rb3 (27. Bxd6 f4 $16) (27. exf5 Bxg2+ 28. Kxg2 Ne5 $11) (27. Nxf5 Qxc2 28. Qg4 Ba6 $16)) 26... Bd4 27. Ng4 {[%emt 0:00:15] Strongly threatening f5.} Qc4 28. Qd2 Bg7 (28... Bc3 $142 29. Qe3 Bg7) 29. f5 exf5 $1 ({Less strong is} 29... Bxe4 30. Ne3 Bxg2+ 31. Qxg2 $16) 30. Ne3 Qc3 31. Nxf5 Qxd2 32. Rxd2 Be5 33. Bxe5 (33. Rb1 $5 ) 33... dxe5 34. Rd7 Ba6 35. Rf2 Kh8 36. Rxa7 Bc4 37. Rd2 Rcd8 38. Rdd7 Rxd7 39. Rxd7 Bxa2 40. Rb7 Rc8 41. Rxb4 Rxc2 {[%emt 0:00:02] Threatens to win with ...Rc1+.} 42. Rb8+ Bg8 {[%emt 0:00:01] Hoping for ...Rc1+.} 43. Kg1 Rc1+ 44. Kf2 Rc2+ 45. Kg3 Nf4 46. Bf3 Rc7 {[%emt 0:00:04] Prevents Ne7.} (46... Rc1 $142) 47. Bd1 (47. Nh6 $16 Rg7+ 48. Bg4) 47... Nd3 $2 {[%emt 0:00:00][%mdl 8192] Weighted Error Value: White=0.32/Black=0.29 (precise)} (47... Rc1 $14) 1-0

[Event "Susha Chess Blitz Women 2022"]
[Site "Shusha"]
[Date "2022.09.24"]
[Round "16"]
[White "Ozturk Orenli, Kubra"]
[Black "Efroimski, Marsel"]
[Result "1/2-1/2"]
[ECO "A40"]
[WhiteElo "2319"]
[BlackElo "2462"]
[Annotator "TA"]
[PlyCount "115"]
[EventDate "2022.09.24"]
[EventType "tourn"]
[EventCountry "AZE"]
[SourceTitle "playchess.com"]
[Source "ChessBase"]
[SourceQuality "1"]
[TimeControl "180+2"]

1. d4 e6 2. Nf3 c5 3. g3 Nf6 4. Bg2 cxd4 5. Nxd4 d5 6. O-O e5 7. Nf3 Nc6 8. c4 d4 9. e3 Be7 10. exd4 exd4 11. Bf4 O-O 12. Ne5 Qb6 13. Qb3 {[%emt 0:00:17] 13.Re1 is the modern continuation. E01: Catalan: Early deviations.} (13. Re1 $5 Nxe5 14. Bxe5 $11) 13... Na5 14. Qxb6 axb6 15. Nd2 {[%emt 0:00:02] Inhibits Nb3. The position is equal.} Nh5 16. Nb3 Nxf4 17. gxf4 Be6 18. Nxd4 Bxc4 {[%emt 0:00:07] [#]} 19. Rfc1 $146 ({Predecessor:} 19. Rfd1 Rfd8 20. Bxb7 Nxb7 21. Nxc4 Bf6 22. Nc6 Rxd1+ 23. Rxd1 Rxa2 24. b4 Rc2 25. N4e5 Bxe5 26. Nxe5 {½-½ (88) Gareyev,T (2610)-Molner,M (2464) Philadelphia 2011}) 19... Be6 20. f5 Bc8 21. b4 (21. Bd5 $11) 21... Bxb4 $17 22. Bd5 Bc5 23. Nb3 (23. Rd1 $17) 23... Nxb3 ({Weaker is} 23... Bxf5 24. Nxc5 bxc5 25. Rxc5 $15) 24. axb3 Rxa1 25. Rxa1 Bd4 ({Not} 25... Bxf5 26. Nxf7 Rxf7 27. Ra8+ Bf8 28. Rb8 $17) 26. Re1 Bxf5 27. Nxf7 {[%emt 0:00:03] [#] Strongly threatening Nh6+.} Bg6 {[%emt 0:00:09] A strong pair of Bishops.} (27... Bxf2+ $1 $17 28. Kxf2 Bg6) 28. Ne5+ $11 Kh8 29. Nxg6+ hxg6 {[%emt 0:00:01][%mdl 4096] Endgame KRB-KRB} 30. Re2 Bf6 31. Re3 {[%emt 0:00:03] Intending Rh3+ and mate.} Bg5 32. Rh3+ Bh6 33. Bxb7 Rd8 34. Be4 Kg8 35. Bxg6 Kf8 36. Rf3+ Ke7 37. Kg2 Ke6 38. Bd3 Ke5 39. Bc4 Rd4 40. Rd3 Rxd3 41. Bxd3 {[%emt 0:00:01] KB-KB} Kd4 42. Bc4 Kc3 43. Kf3 b5 44. Bg8 Kd4 45. Kg4 Ke5 46. h4 b4 47. Bc4 Kf6 48. f4 g6 49. Bd5 Bf8 50. Bc4 (50. Be4 $14) 50... Bg7 (50... Bh6 $11 {feels stronger.}) 51. Bd3 {[%emt 0:00:02] White is slightly better.} Bf8 52. f5 gxf5+ 53. Bxf5 Kg7 54. Be6 Be7 55. h5 Kh6 56. Bf7 Bf6 57. Kf5 Bc3 58. Ke4 {Weighted Error Value: White=0.13 (very precise) /Black=0.08 (flawless)} 1/2-1/2

[Event "Susha Chess Blitz Women 2022"]
[Site "Shusha"]
[Date "2022.09.24"]
[Round "17"]
[White "Dzagnidze, Nana"]
[Black "Balajayeva, Khanim"]
[Result "1-0"]
[ECO "A22"]
[WhiteElo "2526"]
[BlackElo "2379"]
[Annotator "TA"]
[PlyCount "121"]
[EventDate "2022.09.24"]
[EventType "tourn"]
[EventCountry "AZE"]
[SourceTitle "playchess.com"]
[Source "ChessBase"]
[SourceQuality "1"]
[TimeControl "180+2"]

1. c4 e5 2. Nc3 Nf6 3. g3 c6 4. d4 e4 5. d5 cxd5 (5... Bb4 $11) 6. cxd5 {[%emt 0:00:05] A23: English Opening: 1...e5 2 Nc3 Nf6 3 g3 c6.} (6. Nxd5 $14 h6 7. Bg2) 6... Bb4 $11 7. Bg2 {[%emt 0:00:04] [#]} Qe7 $146 (7... O-O $11) ({Predecessor:} 7... O-O 8. Nh3 Bxc3+ 9. bxc3 d6 10. O-O Nbd7 11. Nf4 Re8 12. h4 b6 13. Ba3 Qe7 {1-0 (82) Zubritskiy,A (2442)-Kollars,D (2592) Chess.com INT 2020}) 8. Be3 (8. Bg5 $14) 8... O-O (8... Bxc3+ $5 9. bxc3 d6 $11) 9. Nh3 d6 10. O-O Nbd7 11. Bd4 Re8 12. Nf4 (12. Nb5 $5 Ba5 13. Nxa7 $14) 12... b6 13. h4 Bb7 14. a3 Bxc3 15. Bxc3 Rac8 16. Rc1 h6 17. e3 Ne5 18. b3 (18. Qa4 $15) 18... Ba6 (18... g5 $1 $17 19. hxg5 hxg5 20. Bxe5 Rxc1 21. Qxc1 dxe5) 19. Re1 $15 Nd3 ({Better is} 19... Bb5 $15) 20. Nxd3 $11 Bxd3 21. Bd4 Rxc1 22. Qxc1 Nxd5 23. Qc6 Nf6 24. Bh3 {[%emt 0:00:01][%mdl 1024] White has compensation.} Rd8 25. Rc1 d5 26. b4 (26. Qc7 $14 Qxc7 27. Rxc7) 26... Bc4 27. Rd1 Qd6 28. Qb7 Qb8 29. Qc6 Qd6 30. Qb7 Qb8 31. Qc6 Qd6 32. b5 Ne8 33. a4 Qe7 34. Rc1 Nd6 35. Bb2 {[#]} (35. Bc3 $11 {keeps the balance.}) 35... f6 $2 (35... Nb7 $1 $17 {[%cal Rb7a5] Strongly threatening ...Na5.} 36. Be5 Qxe5 37. Qxb7 Qb2) 36. Ba3 Kf7 {[#] White now steadily converts the win.} (36... Qe5 $14) 37. Rd1 $2 {[%emt 0:00:03] White is more active.} ({Only move:} 37. a5 $1 $16 ) 37... Qb7 38. Bxd6 $18 {[%emt 0:00:02] A strong pair of Bishops.} Qxc6 39. bxc6 Rxd6 {[%emt 0:00:00][%mdl 4096] Endgame KRB-KRB} 40. c7 Ba6 41. c8=Q {[%emt 0:00:01] Inhibits Rc6.} Bxc8 42. Bxc8 {[%emt 0:00:01] KRB-KR} Ke7 43. Kf1 Rd8 44. Bb7 Ke6 45. Rc1 Rb8 46. Ba6 Kd6 47. Ke2 Re8 48. Bb5 Rd8 (48... Re7 $142 49. Kd2 Ke6) 49. Rc6+ {[%emt 0:00:01] White is clearly winning.} Ke5 50. Rc7 d4 51. exd4+ Rxd4 52. Re7+ Kf5 53. Rxa7 (53. Bd7+ $142 Rxd7 54. Rxd7) 53... g5 54. hxg5 hxg5 55. Rb7 Rd6 56. Rd7 Re6 57. Ke3 (57. Rd5+ $142 Kg6 58. Ke3) 57... Kg6 58. Rd4 f5 59. Bd7 Rf6 60. Rd5 {[%emt 0:00:01][%cal Od7f5] Threatens to win with Bxf5+!} g4 61. Kf4 {[%emt 0:00:02] Weighted Error Value: White=0.36/Black=0.45} 1-0

[Event "Susha Chess Blitz Women 2022"]
[Site "Shusha"]
[Date "2022.09.24"]
[Round "17"]
[White "Mammadzada, Gunay"]
[Black "Arabidze, Meri"]
[Result "0-1"]
[ECO "B47"]
[WhiteElo "2473"]
[BlackElo "2422"]
[Annotator "TA"]
[PlyCount "102"]
[EventDate "2022.09.24"]
[EventType "tourn"]
[EventCountry "AZE"]
[SourceTitle "playchess.com"]
[Source "ChessBase"]
[SourceQuality "1"]
[TimeControl "180+2"]

1. e4 c5 2. Nf3 e6 3. d4 cxd4 4. Nxd4 Nc6 5. Nc3 Qc7 6. Be2 a6 7. Nxc6 {[%emt 0:00:03] B47: Sicilian: Taimanov: 5 Nc3 Qc7 6 f4, 6 g3 and 6 Be2.} bxc6 8. Qd3 {[%emt 0:00:03] is currently scoring better than 8.0-0.} d5 9. Qg3 {[%emt 0:00:02] White has an edge.} Qxg3 10. hxg3 Nf6 11. g4 Bb4 12. Bd2 d4 {[%emt 0:00:01] [#]} 13. g5 $146 ({Predecessor:} 13. e5 Nd7 14. Ne4 Bxd2+ 15. Nxd2 c5 16. Nc4 Ke7 17. Bf3 Rb8 18. O-O-O Nb6 19. Na5 {1-0 (38) Karjakin,S (2752)-Cori,J (2652) Chess.com INT 2020}) 13... dxc3 14. bxc3 Be7 15. gxf6 Bxf6 16. Rb1 O-O 17. f4 e5 18. f5 a5 19. Be3 Ba6 ({Better is} 19... Bd7) 20. Rb6 (20. Bxa6 $16 Rxa6 21. Ke2) 20... Bxe2 (20... Rfb8 $1 $11 {keeps the balance.}) 21. Kxe2 $16 Rfc8 22. Rd1 Rab8 23. a4 h5 24. Rd6 (24. Rxb8 $142 Rxb8 25. Rd6) 24... c5 (24... Rxb6 $16 {is a better defense.} 25. Bxb6 Kf8) 25. Rxb8 $18 Rxb8 26. Bxc5 {[%emt 0:00:19][%mdl 4096] Endgame KRB-KRB} Rb2 (26... Rc8 $142) 27. Kd3 $1 Ra2 28. Ra6 Rxa4 29. Bb6 Ra1 (29... g6 {was called for.} 30. Rxa5 Rxa5 31. Bxa5 g5) 30. Rxa5 (30. c4 $142) 30... Rd1+ {[%emt 0:00:05] [#]} 31. Ke2 $1 Rc1 (31... Rd6 {was necessary.}) 32. Kd2 $2 (32. Ra8+ $18 Kh7 33. Ra2) 32... Bg5+ $11 33. Kd3 Rd1+ 34. Kc4 Rd2 (34... h4 $1 $11) 35. Rxe5 (35. g3 $14) 35... Rxg2 36. Bd8 f6 (36... Bxd8 $5 37. Re8+ $8 Kh7 38. Rxd8 h4 $11) 37. Re8+ Kh7 {[%emt 0:00:02] White must now prevent ...Bf4.} 38. e5 h4 39. e6 h3 40. Bc7 {[%emt 0:00:01] Rd8 is the strong threat.} h2 $1 {[%emt 0:00:05] [#]} ({Don't take} 40... Re2 41. Rd8 g6 42. Rd3 gxf5 43. Kd5 $16 (43. Rxh3+ Kg6 $18)) 41. Bxh2 Rxh2 {[%emt 0:00:00] KRB-KR} 42. e7 $2 (42. Kd5 $11 {and White stays safe.}) 42... Re2 $19 43. Kd5 g6 $4 {[%emt 0:00:04][%mdl 8192] [#]} (43... Bc1 $19 {aiming for ...Ba3.} 44. Kc6 Ba3) 44. c4 $4 (44. Kd6 $1 $18 {was the only winning move.}) 44... gxf5 {[%emt 0:00:03] Hoping for ...f4.} 45. c5 f4 $4 (45... Kg7 $19 46. c6 Bf4) 46. c6 $18 {[%emt 0:00:00] Intending c7 and mate.} Rd2+ 47. Ke4 Re2+ 48. Kf3 Re3+ 49. Kg4 f3 50. Kg3 $2 (50. c7 {mates} Re4+ 51. Kxf3 Rf4+ 52. Kg3 f5 53. c8=Q Rg4+ 54. Kf3 Rf4+ 55. Ke2) 50... Bh4+ $1 $11 51. Kxh4 $2 (51. Kf4 $11 f2 52. Kxe3) 51... f2 {A wild game.  Weighted Error Value: White=0.81/Black=0.46} 0-1

[Event "Susha Chess Blitz Women 2022"]
[Site "Shusha"]
[Date "2022.09.24"]
[Round "17"]
[White "Zawadzka, Jolanta"]
[Black "Beydullayeva, Govhar"]
[Result "1-0"]
[ECO "B52"]
[WhiteElo "2401"]
[BlackElo "2346"]
[Annotator "TA"]
[PlyCount "80"]
[EventDate "2022.09.24"]
[EventType "tourn"]
[EventCountry "AZE"]
[SourceTitle "playchess.com"]
[Source "ChessBase"]
[SourceQuality "1"]
[TimeControl "180+2"]

1. e4 c5 2. Nf3 d6 3. Bb5+ Bd7 4. Bxd7+ Nxd7 5. c3 Ngf6 6. Qe2 e6 {[%emt 0:00:10] B50: Sicilian: 2...d6, Miscellaneous.} 7. d4 Be7 8. e5 $1 {[%emt 0:00:02][%mdl 4] now scores much better than the old 8.0-0.} Nd5 9. c4 Nc7 10. exd6 Bxd6 11. Nc3 O-O 12. dxc5 Nxc5 13. O-O a5 14. Be3 Qe7 15. Rad1 Rad8 {[%emt 0:00:11] [#]} 16. Bg5 $146 ({Predecessor:} 16. Rfe1 h6 17. Bd4 N7a6 18. a3 Rc8 19. Nb5 Bb8 20. Bc3 Nb3 21. Nfd4 Nxd4 22. Rxd4 {1-0 (29) Grandelius,N (2651)-Brodowski,P (2463) Bydgoszcz 2022}) 16... f6 17. Bc1 e5 18. Nd5 Nxd5 19. Rxd5 e4 20. Nd4 {[%emt 0:00:06] [#]} (20. Nh4 $11 Qc7 21. g3) 20... Bxh2+ $1 $15 21. Kxh2 Rxd5 {[%mdl 64] Remove Defender} 22. cxd5 {aiming for Qc4.} Qe5+ 23. Kg1 {[%emt 0:01:17] And now Qc4 would win.} Qxd4 24. Be3 Qxd5 {[%emt 0:00:10] Hoping for ...Nd3.} 25. Bxc5 Qxc5 26. Qxe4 {[%emt 0:00:01][%mdl 4096] Endgame KQR-KQR} Qb4 27. Qd5+ Kh8 28. b3 b5 (28... h6 $15) 29. Rc1 $11 h6 30. g3 a4 31. Rc5 a3 32. Rxb5 Qe1+ 33. Kg2 Qe2 34. b4 Rc8 (34... Re8 $11) 35. Rc5 $14 Re8 36. b5 (36. Rc3 $1 $14 {might be stronger.}) 36... Re5 $2 {[%emt 0:00:02][%mdl 8192] [#]} (36... Rb8 $2 37. b6 Qa6 38. Rb5 $18) (36... Qe4+ $11 37. Qxe4 Rxe4) 37. Qa8+ $1 $18 ({Worse is} 37. Rc8+ Kh7 38. Qg8+ (38. Qf7 $2 Qe4+ 39. Kg1 Qf3 $19) 38... Kg6 $11) 37... Kh7 38. Rxe5 fxe5 39. b6 Qxa2 40. Qe4+ $2 (40. b7 $18 Qd5+ 41. Kh2) 40... Kh8 {[%mdl 32768] Weighted Error Value: White=0.26 (precise) /Black=0.30. Sensor Board Error (Ke4/e5)?} 1-0